 Dungeon Crawl Stone Soup version 0.30-a0-852-g08b95dd62f (webtiles) character file.

Game seed: 8807638642179195644

9120 cforsyth the Thaumaturge (level 11, -7/67 HPs)
             Began as a Deep Elf Earth Elementalist on Mar 5, 2023.
             Was a Priest of Vehumet.
             Mangled by Grum
             ... wielding a +0 spear of flaming
              (12 damage)
             ... on level 9 of the Dungeon.
             The game lasted 00:21:08 (11636 turns).

cforsyth the Thaumaturge (DEEE)                    Turns: 11636, Time: 00:21:08

Health: -7/67      AC:  3    Str:  5    XL:     11   Next: 18%
Magic:  28/31      EV: 12    Int: 25    God:    Vehumet [***...]
Gold:   352        SH:  0    Dex: 15    Spells: 34/38 levels left

rFire   x . .      SeeInvis +    (no weapon)
rCold   . . .      Faith    .    (no shield)
rNeg    . . .      Spirit   .    v - +0 robe {Will+}
rPois   .          Reflect  .    (no helmet)
rElec   .          Rampage  .    y - +0 cloak
rCorr   .                        (no gloves)
Will    ++...                    (no boots)
Stlth   ++                       (no amulet)
HPRegen 0.31/turn                c - ring of protection from cold
MPRegen 0.22/turn                C - ring of see invisible

@: no status effects
A: hooves 1, cold vulnerability 1, heat vulnerability 1
a: Renounce Religion


You were on level 9 of the Dungeon.
You worshipped Vehumet.
Vehumet was most pleased with you.
You visited 2 branches of the dungeon, and saw 10 of its levels.
You also visited: Bailey.

You collected 481 gold pieces.
You spent 129 gold pieces at shops.

Inventory:

Missiles
 z - a throwing net
Armour
 a - a +0 robe
 r - the +2 chain mail of Good Intentions {rElec MP+9}
   (You found it in a bailey)

   rElec:     It insulates you from electricity.
   MP:        It affects your magic capacity (+9).
 v - a +0 robe of willpower (worn)
 y - a +0 cloak (worn)
Jewellery
 c - a ring of protection from cold (left hand)
 s - an amulet of guardian spirit
 C - a ring of see invisible (right hand)
Wands
 x - a wand of polymorph (8)
 A - a wand of quicksilver (6)
Scrolls
 e - a scroll of blinking
 g - a scroll of magic mapping
 j - 3 scrolls of fear
 k - 4 scrolls of poison
 l - a scroll of fog
 m - 2 scrolls of vulnerability
 n - 2 scrolls of silence
 p - 7 scrolls of noise
 q - 2 scrolls of identify
 t - a scroll of amnesia
 E - a scroll of teleportation
 G - a scroll of acquirement {unknown}
Potions
 b - 5 potions of magic
 d - a potion of invisibility
 f - a potion of attraction
 h - 2 potions of heal wounds
 i - 2 potions of flight
 o - 4 potions of might
 u - 5 potions of lignification
 w - 2 potions of curing
 B - 2 potions of brilliance
 D - a potion of haste
 F - a potion of cancellation {unknown}


   Skills:
 + Level 7.2 Fighting
 - Level 2.4 Dodging
 - Level 2.4 Stealth
 + Level 14.1 Spellcasting
 - Level 1.1 Transmutations
 + Level 12.2 Earth Magic


You had 34 spell levels left.
You knew the following spells:

 Your Spells              Type           Power      Damage    Failure   Level
a - Sandblast             Erth           100%       2d20      0%          1
b - Stone Arrow           Conj/Erth      96%        3d13      1%          3

Your spell library contained the following spells:

 Spells                   Type           Power      Damage    Failure   Level
 Olgreb's Toxic Radiance  Pois           17%        N/A       9%          4
 Passwall                 Tmut/Erth      41%        N/A       1%          2
 Petrify                  Tmut/Erth      50%        N/A       1%          4
 Ignite Poison            Fire/Tmut/Pois 19%        N/A       2%          3
 Kindle Blastsparks       Fire/Tloc/Air  34%        2d12      2%          3
 Wereblood                Tmut           23%        N/A       3%          2
 Sublimation of Blood     Necr           17%        N/A       4%          2
 Freezing Cloud           Conj/Ice/Air   8%         6-21      22%         5
 Summon Hydra             Summ           8%         N/A       100%        7


Dungeon Overview and Level Annotations

Branches:
Dungeon (9/15)             Temple (1/1) D:5          Bailey (visited)
   Lair: D:8-11         Orc: D:9-12

Altars:
Ashenzari
Cheibriados
Dithmenos
Elyvilon
Fedhas
Gozag
Hepliaklqana
Kikubaaqudgha
Makhleb
Nemelex Xobeh
Okawaru
Qazlal
Ru
Sif Muna
Trog
Uskayaw
Vehumet
Wu Jian
Xom
Yredelemnul
Zin
The Shining One

Shops:
D:2 ???[   D:5 [   D:7 !?![(

Annotations:
D:3 1 runed translucent door, Crazy Yiuf
D:5 3 runed translucent doors, loam's ghost, weakling DsDe
D:9 Grum


Innate Abilities, Weirdness & Mutations

You have large cloven feet.
You are vulnerable to cold. (rC-)
You are vulnerable to heat. (rF-)


Message History

The blast of sand hits the wolf.
The wolf is moderately wounded.
The wolf barely misses you. x2
The blast of sand hits the wolf!
The wolf is heavily wounded.
The wolf barely misses you.
The wolf bites something but does no damage.
The wolf bites you! The wolf attacks as you move away! The wolf bites you!
The wolf attacks as you move away! The wolf bites you.
The wolf bites you but does no damage. The wolf bites you.
The blast of sand hits the wolf!
The wolf is severely wounded.
The wolf barely misses you. The wolf bites you.
The blast of sand misses the wolf.
The blast of sand hits the wolf!
The wolf is moderately wounded.
The wolf bites you. The wolf bites you! The wolf bites you but does no damage.
You are too injured to fight recklessly!
You are too injured to fight recklessly!
You are too injured to fight recklessly!
The wolf bites you.
You are too injured to fight recklessly!
Casting: Sandblast (safe; 0% risk of failure)
Confirm with . or Enter, or press ? or * to list all spells.
Aiming: Sandblast (safe; 0% risk of failure)
Press: ? - help, Shift-Dir - straight line, f/p - wolf
Aim: a wolf (severely wounded, 76% to hit)
The blast of sand misses the wolf.
The wolf bites you.
* * * LOW HITPOINT WARNING * * *
The wolf bites you but does no damage. Grum barely misses you.
The wolf bites you.
* * * LOW HITPOINT WARNING * * *
The wolf bites you.
* * * LOW HITPOINT WARNING * * *
You feel much better. The wolf bites you.
Grum hits you from afar with a +0 spear of flaming!!
* * * LOW HITPOINT WARNING * * *
Grum burns you!
You die...

################ #..........@hgh#
#.############h#******
#.#**,,*,,,,,#.#,,,,,*****
#.#*,,,,,,,,,#h#*,,,,,,,,*
#.#***,PPPP.......P#,,*,,*
#.#*,,,PPP.h~≈~≈~..♣,,,,,*
######.##,,,#P.g≈≈≈≈≈~≈..PP*,,*
.)......#,,,P..~≈≈≈≈≈≈≈~..P,,,###
#########,*,..≈≈≈~≈~~≈≈~~.P,,,#.#


You could see Grum and 3 wolves.

Vanquished Creatures
  A centaur warrior (D:8)
  A manticore (D:7)
  A cyclops (D:7)
  A gargoyle (Bailey)
  Grinder (D:3)
  Sigmund (D:4)
  A shadow (D:9)
  A vampire (Bailey)
  A wyvern (D:8)
  11 yaks
  Eustachio (D:5)
  A steam dragon (D:6)
  A water moccasin (D:8)
  An ice beast (D:8)
  A sky beast (D:7)
  4 black bears
  3 orc warriors
  2 ogres (D:5)
  A wolf (D:9)
  5 centaurs
  A phantom (D:4)
  5 bullfrogs
  3 gnoll sergeants
  4 scorpions
  12 killer bees
  9 vampire bats (Bailey)
  4 howler monkeys
  7 wolf zombies (Bailey)
  7 hounds
  2 jellies
  2 gnoll boudas
  3 orc priests
  Jessica (D:3)
  5 iguanas
  4 orc wizards
  25 gnolls
  8 adders
  A shadow imp (D:7)
  A white imp (D:7)
  2 ufetubi
  A dart slug (D:4)
  34 orcs
  6 ball pythons
  5 endoplasms
  5 giant cockroaches
  5 goblins
  4 hobgoblins
  5 jackals
  3 quokkas
  8 bats
  A frilled lizard (D:1)
  4 kobolds
  19 orc zombies (Bailey)
  5 rats
251 creatures vanquished.

Vanquished Creatures (others)
  A butterfly (D:5)
  2 fungi (D:5)
  2 plants (D:5)
5 creatures vanquished.

Grand Total: 256 creatures vanquished

Notes
Turn   | Place    | Note
-------+----------+-------------------------------------------
     0 | D:1      | cforsyth the Deep Elf Earth Elementalist began the quest
                  | for the Orb.
     0 | D:1      | Reached XP level 1. HP: 10/10 MP: 6/6
   171 | D:1      | Reached XP level 2. HP: 15/15 MP: 5/8
   220 | D:1      | Found a faded altar of an unknown god.
  1115 | D:2      | Reached skill level 4 in Spellcasting
  1117 | D:2      | Reached XP level 3. HP: 15/19 MP: 5/10
  1176 | D:2      | Found Peuset's Magic Scroll Emporium.
  1540 | D:2      | Found Sots's Antique Armour Shop.
  1652 | D:2      | Found Orchucun's Magic Scroll Emporium.
  1670 | D:2      | Found Usejoox's Magic Scroll Boutique.
  1696 | D:2      | Reached XP level 4. HP: 23/24 MP: 8/12
  1940 | D:3      | Noticed Jessica
  1944 | D:3      | Killed Jessica
  1945 | D:3      | Reached skill level 5 in Spellcasting
  2231 | D:3      | Noticed Grinder
  2235 | D:3      | Killed Grinder
  2236 | D:3      | Reached skill level 6 in Spellcasting
  2236 | D:3      | Reached skill level 5 in Earth Magic
  2236 | D:3      | Reached XP level 5. HP: 28/28 MP: 11/16
  2236 | D:3      | Reached XP level 6. HP: 32/32 MP: 11/17
  2414 | D:3      | Found a runed translucent door.
  2415 | D:3      | Noticed Crazy Yiuf
  2615 | D:4      | Noticed Sigmund
  2676 | D:4      | Killed Sigmund
  2677 | D:4      | Reached skill level 7 in Spellcasting
  2677 | D:4      | Reached XP level 7. HP: 36/36 MP: 16/20
  3669 | D:4      | Found a stormy altar of Qazlal.
  3672 | D:4      | Found a radiant altar of Vehumet.
  3735 | D:4      | Reached skill level 8 in Spellcasting
  3989 | D:5      | Entered Level 5 of the Dungeon
  3989 | D:5      | Noticed Eustachio
  3994 | D:5      | Killed Eustachio
  4039 | D:5      | Found a white marble altar of Elyvilon.
  4146 | D:5      | Found a runed translucent gate.
  4147 | D:5      | Found a runed translucent gate.
  4147 | D:5      | Found a runed translucent gate.
  4148 | D:5      | Noticed loam's ghost (weakling DsDe)
  4195 | D:5      | Found a staircase to the Ecumenical Temple.
  4210 | D:5      | Reached skill level 9 in Spellcasting
  4212 | D:5      | Reached XP level 8. HP: 42/42 MP: 18/23
  4319 | D:5      | Reached skill level 1 in Fighting
  4602 | D:5      | Reached skill level 10 in Spellcasting
  4944 | D:5      | Found Duujouxt's Armour Emporium.
  4953 | Temple   | Entered the Ecumenical Temple
  4953 | Temple   | Found a transporter.
  4953 | Temple   | Found a transporter.
  4955 | Temple   | Found a transporter.
  4955 | Temple   | Found a transporter.
  5032 | D:4      | Became a worshipper of Vehumet
  5396 | D:5      | Reached XP level 9. HP: 18/51 MP: 22/25
  5917 | D:5      | Gained mutation: Your spells are a little harder to cast,
                  | but a little more powerful. [potion of mutation]
  5917 | D:5      | Gained mutation: You are frail. (-10% HP) [potion of
                  | mutation]
  5917 | D:5      | Gained mutation: Your spells are harder to cast, but more
                  | powerful. [potion of mutation]
  6159 | D:5      | Learned a level 3 spell: Stone Arrow
  6634 | D:6      | Reached skill level 11 in Spellcasting
  6637 | D:6      | Reached * piety under Vehumet
  6637 | D:6      | Offered knowledge of Foxfire by Vehumet.
  6889 | D:7      | Found Guihemi's Distillery.
  6896 | D:7      | Bought a potion of curing for 39 gold pieces
  6905 | D:7      | Found Irhumoti's Magic Scroll Boutique.
  6923 | D:7      | Bought a scroll of blinking for 90 gold pieces
  7025 | D:7      | Found Iqell's Antique Armour Shoppe.
  7027 | D:7      | Noticed a manticore
  7030 | D:7      | Found Den Heut's Weapon Shoppe.
  7034 | D:7      | Killed a manticore
  7035 | D:7      | Reached skill level 10 in Earth Magic
  7545 | D:7      | Reached skill level 5 in Fighting
  7545 | D:7      | Reached skill level 12 in Spellcasting
  7602 | D:7      | Noticed a cyclops
  7605 | D:7      | Killed a cyclops
  7606 | D:7      | Reached XP level 10. HP: 53/53 MP: 18/28
  7732 | D:7      | Found Riud's Distillery.
  8468 | D:8      | Offered knowledge of Static Discharge by Vehumet.
  8484 | D:8      | Reached ** piety under Vehumet
  8578 | D:8      | Noticed a centaur warrior
  8594 | D:8      | Killed a centaur warrior
  8595 | D:8      | Reached skill level 13 in Spellcasting
  9103 | D:9      | Found a flagged portal.
  9123 | Bailey   | Entered a bailey
  9482 | Bailey   | Identified the +2 chain mail of Good Intentions {rElec
                  | MP+9}
  9521 | Bailey   | Offered knowledge of Poisonous Vapours by Vehumet.
  9793 | Bailey   | Lost mutation: You are frail. (-10% HP) [potion of
                  | mutation]
  9793 | Bailey   | Lost mutation: Your spells are harder to cast, but more
                  | powerful. [potion of mutation]
  9793 | Bailey   | Gained mutation: You are vulnerable to cold. (rC-) [potion
                  | of mutation]
  9793 | Bailey   | Gained mutation: You expend magic power (3 MP) to
                  | strengthen your wands. [potion of mutation]
  9793 | Bailey   | Gained mutation: You sometimes lose your temper in combat.
                  | [potion of mutation]
  9793 | Bailey   | Gained mutation: You have large cloven feet. [potion of
                  | mutation]
 10045 | Bailey   | Reached *** piety under Vehumet
 10202 | Bailey   | Noticed a gargoyle
 10213 | Bailey   | Killed a gargoyle
 10494 | Bailey   | Lost mutation: Your spells are a little harder to cast, but
                  | a little more powerful. [potion of mutation]
 10494 | Bailey   | Lost mutation: You expend magic power (3 MP) to strengthen
                  | your wands. [potion of mutation]
 10494 | Bailey   | Lost mutation: You sometimes lose your temper in combat.
                  | [potion of mutation]
 10494 | Bailey   | Gained mutation: You are vulnerable to heat. (rF-) [potion
                  | of mutation]
 10604 | D:9      | Found an ornate altar of the Wu Jian Council.
 10663 | D:9      | Offered knowledge of Olgreb's Toxic Radiance by Vehumet.
 10783 | D:9      | Reached XP level 11. HP: 66/66 MP: 22/30
 10905 | D:9      | Reached skill level 14 in Spellcasting
 11623 | D:9      | Found a blossoming altar of Fedhas.
 11623 | D:9      | Noticed Grum
 11636 | D:9      | Mangled by Grum

Illustrated notes

Levels and vault maps discovered:
D:1:      dpeg_arrival_radiant, layout_loops_corners,
          ebering_ecumenical_altar_mist, minmay_tromino_i4
D:2:      layout_loops_ring, serial_shops, shop_scrolls,
          nicolae_shop_statue_plus, shop, nicolae_shop_overgrown_old_shop
D:3:      layout_rooms, uniq_jessica, uniq_grinder, uniq_crazy_yiuf_cottage
D:4:      nicolae_cairo_tiling_large_dashed, layout_layer_cave,
          nicolae_overflow_squiral, serial_glass, glass_columns_a,
          glass_columns_b, kennysheep_generic_room_16, uniq_sigmund
D:5:      layout_loops_ring, nicolae_elyvilon_peaceful_grove, temple_pool_b,
          gammafunk_ghost_nasty_kobolds, serial_shops,
          nicolae_shop_advertising_works [nicolae_subvault_shop_adworks],
          uniq_eustachio
D:6:      layout_rooms
D:7:      layout_rooms, serial_shops, shop, nicolae_diamond_shop,
          nicolae_shop_competitors_out_of_business, shop_scrolls,
          nicolae_square_shop, minmay_three_doors
D:8:      layout_rooms
D:9:      layout_loops_ring, old_standard_altar, tgw_fedhas, enter_bailey_2,
          uniq_grum
Temple:   hellmonk_temple_divided_pantheon

Skill      XL: |  1  2  3  4  5  6  7  8  9 10 11 |
---------------+----------------------------------+-----
Spellcasting   | 4 6 7 9 10 12 13 14 | 14.1
Earth Magic    | 4 5 6 7 9 10 11 12 | 12.2
Fighting       | 3 5 6 7 |  7.2
Dodging        | |  2.4
Stealth        | |  2.4
Transmutations | |  1.1

Action                     |  1- 3 |  4- 6 |  7- 9 | 10-12 || total
---------------------------+-------+-------+-------+-------++-------
  Melee: Unarmed           |     1 |       |     4 |     2 ||     7
   Cast: Sandblast         |    43 |    37 |   156 |   139 ||   375
         Stone Arrow       |       |       |    19 |    44 ||    63
    Use: Scroll            |       |       |     7 |    12 ||    19
         Potion            |       |       |     3 |     8 ||    11
 Armour: Robe              |     3 |     6 |     6 |    21 ||    36
  Dodge: Dodged            |     8 |    10 |    39 |    97 ||   154

Table legend: (Time is in decaauts)
 A = Elapsed time spent in this place.
 B = Non-inter-level travel time spent in this place.
 C = Inter-level travel time spent in this place.
 D = Time resting spent in this place.
 E = Time spent auto-exploring this place.
 F = Levels seen in this place.
 G = Mean time per level.
                   A        B        C        D        E       F      G
               +--------+--------+--------+--------+--------+-----+--------+
         Total |  11797 |  11467 |    330 |   3298 |   6294 |  11 | 1072.5 |
       Dungeon |  10259 |   9939 |    320 |   2527 |   5836 |   9 | 1139.9 |
        Temple |     37 |     27 |     10 |      0 |      0 |   1 |   37.0 |
        Bailey |   1500 |   1500 |      0 |    771 |    458 |   1 | 1500.0 |
               +--------+--------+--------+--------+--------+-----+--------+

Top non-repeatable levels by time:
     D:5: 1662 daAuts
     D:4: 1555 daAuts
     D:7: 1509 daAuts
  Bailey: 1500 daAuts
     D:9: 1137 daAuts
     D:6: 1125 daAuts
     D:1: 1102 daAuts
     D:2: 852 daAuts
     D:8: 746 daAuts
     D:3: 568 daAuts
  Temple: 37 daAuts
